 Dungeon Crawl Stone Soup version 0.27-a0-1290-g15d3ce7508 (webtiles) character file.

Game seed: 5620836953360147

1754 HAL9000 the Grappler (level 8, 0/66 HPs)
             Began as a Yellow Draconian Transmuter on June 15, 2021.
             Was a Follower of Cheibriados.
             Succumbed to a killer bee's poison
             ... on level 7 of the Dungeon.
             The game lasted 00:21:15 (8351 turns).

HAL9000 the Grappler (Yellow Draconian Transmuter)  Turns: 8351, Time: 00:21:16

Health: 0/66       AC:  2    Str: 15    XL:     8   Next: 78%
Magic:  8/11       EV: 19    Int: 17    God:    Cheibriados [*.....]
Gold:   307        SH:  0    Dex: 19    Spells: 5/11 levels left

rFire    . . .     SeeInvis .     - Unarmed
rCold    + . .     Faith    .   (shield currently unavailable)
rNeg     . . .     Spirit   .   (armour unavailable)
rPois    x         Reflect  .   (helmet currently unavailable)
rElec    .         Harm     .   (cloak currently unavailable)
rCorr    .         Rampage  .   (gloves currently unavailable)
Will     .....                  (boots currently unavailable)
Stlth    ++........             (no amulet)
HPRegen  0.21/turn              h - ring of protection from cold
MPRegen  0.12/turn              (no ring)

@: mighty, brilliant, lethally poisoned (0 -> -2), spider-form (expiring),
wereblooded, on berserk cooldown, flying, slowed, very slow
A: venomous fangs, (spit acid), AC +6, tiny, unfitting armour, (cold-blooded),
(acid resistance)
a: End Transformation, Renounce Religion, Bend Time


You were on level 7 of the Dungeon.
You worshipped Cheibriados.
Cheibriados was aware of your devotion.
You were a venomous arachnid creature.
You visited 2 branches of the dungeon, and saw 8 of its levels.

You collected 307 gold pieces.

Inventory:

Armour
 m - a +0 buckler
Jewellery
 h - a ring of protection from cold (left front leg)
 v - a ring of see invisible
 w - a +6 ring of dexterity
Wands
 f - a wand of polymorph (7)
 q - a wand of flame (10)
Scrolls
 b - 2 scrolls of enchant armour {unknown}
 c - 2 scrolls of fog {unknown}
 d - a scroll of vulnerability {unknown}
 e - 2 scrolls of noise {unknown}
 i - 14 scrolls of identify {unknown}
 k - 3 scrolls of teleportation {unknown}
 o - a scroll of enchant weapon {unknown}
 t - a scroll of immolation {unknown}
Potions
 a - 2 potions of attraction
 n - a potion of flight
 p - a potion of haste {unknown}
 r - a potion of curing {unknown}
 s - 2 potions of heal wounds {unknown}
 u - a potion of magic {unknown}


   Skills:
 + Level 3.8 Fighting
 - Level 1.7 Dodging
 - Level 9.4 Unarmed Combat
 - Level 2.0 Spellcasting
 - Level 6.3 Transmutations


You had 5 spell levels left.
You knew the following spells:

 Your Spells              Type           Power      Damage    Failure   Level
a - Beastly Appendage     Tmut           68%        N/A       7%          1
b - Wereblood             Tmut           34%        N/A       9%          2
c - Spider Form           Tmut/Pois      9%         N/A       34%         3

Your spell library contained the following spells:

 Spells                   Type           Power      Damage    Failure   Level
 Animate Skeleton         Necr           4%         N/A       38%         1
 Corona                   Hex            2%         N/A       38%         1
 Magic Dart               Conj           8%         1d3       38%         1
 Pain                     Necr           8%         1d4       38%         1
 Searing Ray              Conj           4%         3d3       50%         2
 Slow                     Hex            2%         N/A       50%         2
 Ice Form                 Ice/Tmut       18%        N/A       69%         4
 Dazzling Flash           Conj/Hex       4%         N/A       71%         3
 Inner Flame              Hex/Fire       2%         N/A       71%         3
 Portal Projectile        Hex/Tloc       4%         N/A       71%         3
 Vampiric Draining        Necr           1%         2d6       71%         3
 Animate Dead             Necr           1%         N/A       96%         4
 Cause Fear               Hex            1%         N/A       96%         4
 Fulminant Prism          Conj/Hex       1%         3d6       96%         4
 Iskenderun's Mystic Bla  Conj/Tloc      2%         2d3       96%         4
 Leda's Liquefaction      Hex/Erth       1%         N/A       96%         4
 Agony                    Necr           2%         N/A       100%        5


Dungeon Overview and Level Annotations

Branches:
Dungeon (7/15)             Temple (1/1) D:5

Altars:
Ashenzari
Cheibriados
Dithmenos
Elyvilon
Fedhas
Gozag
Hepliaklqana
Kikubaaqudgha
Makhleb
Nemelex Xobeh
Qazlal
Ru
Trog
Vehumet
Wu Jian
Xom
Yredelemnul
Zin
The Shining One

Shops:
D:5 :

Portals:
Abyss: D:5

Annotations:
D:5 2 transporters, philipeq's ghost, novice DsFi


Innate Abilities, Weirdness & Mutations

You are a venomous arachnid creature.
You have poisonous fangs.
You are tiny and dextrous.
Your spellcasting is less reliable in this form.
Your armour is entirely melded.
You are incapable of wielding weapons or throwing items.
((You can spit globs of acid.))
((Your golden yellow scales are hard. (AC +6)))
You cannot fit into any form of body armour.
((You are cold-blooded and may be slowed by cold attacks.))
((You are resistant to acid. (rCorr)))


Message History

* * * LOW HITPOINT WARNING * * *
You feel sick.
It was a potion of might.
You feel very mighty all of a sudden.
* * * LOW HITPOINT WARNING * * *
You feel sick.
Unknown command.
It was a potion of brilliance.
You feel clever all of a sudden.
* * * LOW HITPOINT WARNING * * *
You feel sick.
Unknown command.
Unknown command.
It was a potion of berserk rage.
A red film seems to cover your vision as you go berserk!
Cheibriados protects you from inadvertent hurry.
You feel mighty!
You hiss as the wereblood boils in your veins!
Your transformation is almost over.
* * * LOW HITPOINT WARNING * * *
You feel sick.
You are too berserk!
There is a lethal amount of poison in your body!
There is a lethal amount of poison in your body!
There is a lethal amount of poison in your body!
There is a lethal amount of poison in your body!
There is a lethal amount of poison in your body!
You feel a strong urge to attack something.
* * * LOW HITPOINT WARNING * * *
You feel sick.
* * * LOW HITPOINT WARNING * * *
You feel sick.
You feel your anger nearly subside.
You hiss as the wereblood boils in your veins!
* * * LOW HITPOINT WARNING * * *
You feel sick.
You are no longer berserk.
You are exhausted.
You feel yourself slow down.
You die...

#..............#####
########.......#
#...#...#
#...#.#.#+++
#..††.......
#...#'''#.#.
#...#.#(# #...#.! #
#..s#### #...# #...#
#####


There were no monsters in sight!

Vanquished Creatures
  2 water moccasins
  2 necrophages
  3 ogres
  An ice beast (D:7)
  A phantom (D:3)
  3 bullfrogs
  2 scorpions
  2 killer bees (D:7)
  A howler monkey (D:5)
  A bullfrog zombie (D:5)
  A centaur zombie (D:5)
  3 hounds
  2 bullfrog skeletons
  2 orc wizards (D:5)
  3 iguanas
  5 adders
  2 white imps
  An ufetubus (D:6)
  6 worms
  4 dart slugs
  12 orcs
  9 ball pythons
  5 bats
  6 endoplasms
  10 goblins
  8 hobgoblins
  6 quokkas
  2 frilled lizards
  4 kobolds
  10 rats
119 creatures vanquished.

Vanquished Creatures (others)
  6 plants (D:2)
6 creatures vanquished.

Grand Total: 125 creatures vanquished

Notes
Turn   | Place    | Note
-------+----------+-------------------------------------------
     0 | D:1      | HAL9000 the Draconian Transmuter began the quest for the
                  | Orb.
     0 | D:1      | Reached XP level 1. HP: 16/16 MP: 3/3
   525 | D:1      | Found a faded altar of an unknown god.
   623 | D:1      | Reached XP level 2. HP: 23/23 MP: 3/5
  1205 | D:2      | Reached XP level 3. HP: 13/28 MP: 4/6
  1387 | D:2      | Learned a level 2 spell: Wereblood
  1614 | D:2      | Learned a level 3 spell: Spider Form
  1962 | D:2      | Reached XP level 4. HP: 17/35 MP: 5/7
  2598 | D:3      | Noticed a phantom
  2653 | D:3      | Killed a phantom
  2654 | D:3      | Reached skill level 5 in Transmutations
  2654 | D:3      | Reached XP level 5. HP: 13/40 MP: 8/8
  3467 | D:3      | Found an ancient bone altar of Kikubaaqudgha.
  4345 | D:4      | Noticed a necrophage
  4360 | D:4      | Killed a necrophage
  4361 | D:4      | Reached XP level 6. HP: 30/47 MP: 6/9
  4674 | D:4      | Reached skill level 4 in Unarmed Combat
  4778 | D:4      | Found a shimmering altar of Xom.
  4814 | D:4      | Found an ornate altar of the Wu Jian Council.
  4817 | D:4      | Found a white marble altar of Elyvilon.
  4820 | D:4      | Found a sacrificial altar of Ru.
  4940 | D:4      | Noticed a water moccasin
  4954 | D:4      | Killed a water moccasin
  4955 | D:4      | Reached skill level 5 in Unarmed Combat
  4955 | D:4      | Your scales start taking on a golden yellow colour.
  4955 | D:4      | Reached XP level 7. HP: 53/53 MP: 10/10
  4955 | D:4      | Gained mutation: You are resistant to acid. (rCorr) [Yellow
                  | Draconian growth]
  5075 | D:5      | Entered Level 5 of the Dungeon
  5624 | D:5      | Reached skill level 6 in Unarmed Combat
  5685 | D:5      | Found a staircase to the Ecumenical Temple.
  5730 | D:5      | Noticed philipeq's ghost (novice DsFi)
  5731 | D:5      | Found a transporter.
  5771 | D:5      | Noticed a small abomination
  5904 | D:5      | Found Ceczyfics's Book Shop.
  6017 | D:5      | Reached skill level 7 in Unarmed Combat
  6235 | D:5      | Reached XP level 8. HP: 62/62 MP: 7/11
  6594 | D:5      | Found a transporter.
  6596 | D:5      | Found a one-way gate to the infinite horrors of the Abyss.
  6854 | Temple   | Entered the Ecumenical Temple
  7061 | Temple   | Became a worshipper of Cheibriados the Contemplative
  7134 | D:6      | Reached skill level 8 in Unarmed Combat
  7339 | D:6      | Found a blossoming altar of Fedhas.
  7805 | D:6      | Reached skill level 9 in Unarmed Combat
  8081 | D:7      | Found a broken altar of Ashenzari.
  8339 | D:7      | Reached * piety under Cheibriados
  8344 | D:7      | HP: 3/66 [poisoned by a killer bee]
  8349 | D:7      | HP: 1/99 [poisoned by a killer bee]
  8351 | D:7      | Succumbed to a killer bee's poison

Illustrated notes

Levels and vault maps discovered:
D:1:      wheals_arrival_shading, layout_basic,
          shapermc_ecumenical_altar_mp_ritualfount
D:2:      minmay_spotlight, layout_loops_ring, serial_forest,
          infiniplex_forest_corner_2, infiniplex_forest_3_way,
          infiniplex_forest_straight_2, infiniplex_forest_clump_C,
          infiniplex_forest_straight_4, infiniplex_forest_end_2
D:3:      layout_basic, old_standard_altar, st_stairs_12, grunt_ministairs_4,
          minmay_misc_feat_alley, saegor_snake_ambush
D:4:      layout_basic, grunt_temple_overflow_cloverleaf
D:5:      layout_loops_ring, minmay_temple_entry_metal_lava,
          gammafunk_ghost_abyssal_escape, serial_shops, shop,
          minmay_stone_trees_small
D:6:      layout_cave_pods, fedhas_altar_3, serial_glass, glass_columns_a,
          glass_columns_c
D:7:      layout_basic, kennysheep_little_box, lemuel_blue_sif_altar, eino_jars
Temple:   minmay_temple_bridge_abc

Skill      XL: |  1  2  3  4  5  6  7  8 |
---------------+-------------------------+-----
Transmutations | 3 4 5 6 |  6.3
Unarmed Combat | 5 7 9 |  9.4
Fighting       | 2 3 |  3.8
Dodging        | |  1.7
Spellcasting   | |  2.0

Action                   |  1- 3 |  4- 6 |  7- 9 || total
-------------------------+-------+-------+-------++-------
Melee: Unarmed           |   119 |   173 |   158 ||   450
       Kick              |    18 |    28 |    11 ||    57
       Headbutt          |    13 |     9 |     6 ||    28
       Tailslap          |    11 |    19 |    16 ||    46
       Punch             |       |     1 |     7 ||     8
 Cast: Beastly Appendage |    27 |    29 |    13 ||    69
       Spider Form       |       |     3 |     5 ||     8
       Wereblood         |       |       |     1 ||     1
 Abil: Breathe Acid      |       |       |     3 ||     3
Evoke: Wand              |       |     7 |     3 ||    10
  Use: Potion            |       |     3 |     4 ||     7
 Stab: Sleeping          |     2 |     1 |     1 ||     4
Armor: Skin              |    30 |    65 |    35 ||   130
Dodge: Dodged            |    81 |   116 |   115 ||   312
Block: Buckler           |       |     2 |       ||     2

Table legend: (Time is in decaauts)
 A = Elapsed time spent in this place.
 B = Non-inter-level travel time spent in this place.
 C = Inter-level travel time spent in this place.
 D = Time resting spent in this place.
 E = Time spent auto-exploring this place.
 F = Levels seen in this place.
 G = Mean time per level.
                   A        B        C        D        E       F      G
               +--------+--------+--------+--------+--------+-----+--------+
         Total |   8625 |   8332 |    293 |    800 |   6468 |   8 | 1078.1 |
       Dungeon |   8393 |   8121 |    272 |    800 |   6297 |   7 | 1199.0 |
        Temple |    231 |    210 |     21 |      0 |    171 |   1 |  231.0 |
               +--------+--------+--------+--------+--------+-----+--------+

Top non-repeatable levels by time:
     D:4: 1616 daAuts
     D:2: 1593 daAuts
     D:3: 1396 daAuts
     D:5: 1304 daAuts
     D:6: 1147 daAuts
     D:1: 956 daAuts
     D:7: 379 daAuts
  Temple: 231 daAuts
